 Dungeon Crawl Stone Soup version 0.21.1-1-g345015f (webtiles) character file.

35 lotte the Charmwright (level 3, 0/33 HPs)
             Began as a Naga Skald on June 24, 2018.
             Succumbed to an adder's poison
             ... on level 2 of the Dungeon.
             The game lasted 00:05:37 (2057 turns).

lotte the Charmwright (Naga Skald)                  Turns: 2057, Time: 00:05:38

Health: 0/33       AC:  3    Str: 14    XL:     3   Next: 33%
Magic:  5/6        EV:  9    Int: 13    God:
Gold:   59         SH:  0    Dex: 10    Spells: 3/6 levels left

rFire    + . .     SeeInvis +   a - +0 mace
rCold    x . .     Gourm    .   (no shield)
rNeg     . . .     Faith    .   b - +0 leather armour
rPois    +         Spirit   .   (no helmet)
rElec    .         Reflect  .   (no cloak)
rCorr    .         Harm     .   e - +0 pair of gloves
MR       .....                  (no barding)
Stlth    +.........             (no amulet)
HPRegen  0.11/turn              j - ring of fire
MPRegen  0.10/turn              (no ring)

@: lethally poisoned (0 -> -5), singing, very slow
A: large, see invisible, deformed body, poison resistance, slowness 2, slow
metabolism 1, spit poison 1, AC +1
a: Spit Poison


You were on level 2 of the Dungeon.
You were hungry.

You visited 1 branch of the dungeon, and saw 2 of its levels.

You collected 59 gold pieces.

Inventory:

Hand Weapons
 a - a +0 mace (weapon)
Armour
 b - a +0 leather armour (worn)
 e - a +0 pair of gloves (worn)
Jewellery
 j - a ring of fire (left hand)
Scrolls
 f - a scroll of identify {unknown}
 g - a scroll of teleportation {unknown}
 h - a scroll of immolation {unknown}
Potions
 i - 2 potions of flight {unknown}
Books
 c - a book of Battle

   Spells                             Type                      Level
   a - Infusion                       Charms                       1
   b - Shroud of Golubria             Charms/Translocation         2
   c - Song of Slaying                Charms                       2
   d - Spectral Weapon                Hexes/Charms                 3
   e - Regeneration                   Charms/Necromancy            3
Comestibles
 d - 3 rations


   Skills:
 * Level 2.4 Fighting
 + Level 2.2 Maces & Flails
 + Level 1.4 Armour
 - Level 1.6 Dodging
 - Level 2.1 Spellcasting
 - Level 3.3 Charms


You had 3 spell levels left.
You knew the following spells:

 Your Spells              Type           Power        Failure   Level  Hunger
a - Infusion              Chrm           ##..         8%          1    ##.....
b - Song of Slaying       Chrm           ##......     12%         2    ###....


Dungeon Overview and Level Annotations

Branches:
Dungeon (2/15)

Altars:


Innate Abilities, Weirdness & Mutations

You cannot wear boots.
Your serpentine skin is tough. (AC +1)
You have supernaturally acute eyesight. (SInv)
Armour fits poorly on your strangely shaped body.
Your system is resistant to poisons. (rPois)
You cover ground very slowly.
You have a slow metabolism.
You can spit poison.


Message History

The adder bites you.
* * * LOW HITPOINT WARNING * * *
You are more poisoned.
The adder poisons you!
You closely miss the adder.
The adder is almost dead.
You feel sick. The adder bites you.
* * * LOW HITPOINT WARNING * * *
The adder bites you but does no damage.
You barely miss the adder.
The adder is almost dead.
* * * LOW HITPOINT WARNING * * *
You feel sick. The adder barely misses you. x2
You barely miss the adder.
The adder is almost dead.
The adder bites you.
* * * LOW HITPOINT WARNING * * *
You closely miss the adder.
The adder is almost dead.
You die...

#...............
#...............
#........##.....
#........# .....
#...>..####....
#.............
#.........#####.
#...............
#....@S.........
#...............
#...............
#........<....$.
#########.......
....... .#####.
..


You could see an adder.

Vanquished Creatures
  An adder (D:2)
  3 bats
  3 giant cockroaches (D:1)
  3 goblins (D:1)
  3 hobgoblins
  2 jackals (D:2)
  3 kobolds (D:1)
  A ball python (D:1)
  A frilled lizard (D:1)
  4 rats (D:1)
24 creatures vanquished.

Notes
Turn   | Place    | Note
-------+----------+-------------------------------------------
     0 | D:1      | lotte the Naga Skald began the quest for the Orb.
     0 | D:1      | Reached XP level 1. HP: 19/19 MP: 3/3
   487 | D:1      | Reached XP level 2. HP: 24/26 MP: 5/5
   492 | D:1      | Learned a level 2 spell: Song of Slaying
   500 | D:1      | Reached skill level 1 in Armour
  1998 | D:2      | Reached XP level 3. HP: 28/33 MP: 3/6
  2056 | D:2      | HP: 1/33 [adder (4)]
  2057 | D:2      | Succumbed to an adder's poison

Skill      XL: |  1  2 |
---------------+-------+-----
Armour         | 1 |  1.4
Fighting       | |  2.4
Maces & Flails | |  2.2
Dodging        | |  1.6
Spellcasting   | |  2.1
Charms         | |  3.3

Action                   || total
-------------------------++-------
Melee: Mace              ||    84
 Cast: Song of Slaying   ||     7
  Eat: Chunk             ||     2
Armor: Leather armour    ||    37
Dodge: Dodged            ||    50
